 Dungeon Crawl Stone Soup version 0.31-a0-133-gaae73658be (webtiles) character file.

Game seed: 5244482544889040593

60 avis the Chopper (level 4, -3/41 HPs)
             Began as a Hill Orc Monk on June 2, 2023.
             Slain by Terence
             ... wielding a +0 hand axe
              (9 damage)
             ... on level 2 of the Dungeon.
             The game lasted 00:09:07 (1834 turns).

avis the Chopper (Hill Orc Monk)                    Turns: 1834, Time: 00:09:08

Health: -3/41      AC:  3    Str: 15    XL:     4   Next: 4%
Magic:  4/4        EV:  8    Int: 10    God:
Gold:   114        SH: 10    Dex: 13    Spells: 3/3 levels left

rFire   . . .        a - +0 hand axe
rCold   . . .        m - +0 tower shield
rNeg    . . .        b - +0 robe
rPois   .            (no helmet)
rElec   .            (no cloak)
rCorr   .            l - +0 pair of gloves
SInv    .            (no boots)
Will    .....        (no amulet)
Stlth   +            (no ring)
HPRegen 0.26/turn    (no ring)
MPRegen 0.09/turn

%: no passive effects
@: brilliant
A: no striking features
a: no special abilities


You were on level 2 of the Dungeon.
You visited 1 branch of the dungeon, and saw 2 of its levels.

You collected 114 gold pieces.

Inventory:

Hand Weapons
 a - a +0 hand axe (weapon)
Armour
 b - a +0 robe (worn)
 d - an orb of light
 l - a +0 pair of gloves (worn)
 m - a +0 tower shield (worn)
Magical Staves
 j - a staff of death
Scrolls
 e - a scroll of identify {unknown}
 g - a scroll of amnesia {unknown}
 i - a scroll of teleportation {unknown}
 k - a scroll of poison {unknown}
Potions
 c - a potion of ambrosia
 h - a potion of attraction {unknown}


   Skills:
 + Level 4.4 Fighting
 * Level 5.6 Axes
 - Level 2.4 Dodging


You had 3 spell levels left.
You didn't know any spells.
Your spell library was empty.

Dungeon Overview and Level Annotations

Branches:
Dungeon (2/15)

Altars:

Shops:
D:1 *

Annotations:
D:2 Terence


Message History

* * * LOW HITPOINT WARNING * * *
Terence attacks as you move away! Terence barely misses you.
You hit Terence but do no damage.
Terence is lightly wounded.
Terence hits you with a +0 hand axe.
You bump into the rock wall.
Terence hits you with a +0 hand axe.
You closely miss Terence.
Terence is lightly wounded.
You hit Jessica. Jessica hits you with a +0 dagger.
Terence hits you with a +0 hand axe! Jessica hits you with a +0 dagger.
Terence hits you with a +0 hand axe!
You hit Jessica.
You kill Jessica!
You closely miss Terence.
You feel less invigorated.
You feel less confused. Terence hits you with a +0 hand axe.
You have reached level 4!
You closely miss Terence.
Terence is lightly wounded.
You block Terence's attack. Terence hits you with a +0 hand axe.
* * * LOW HITPOINT WARNING * * *
You hit Terence.
Terence is moderately wounded.
Terence hits you with a +0 hand axe.
* * * LOW HITPOINT WARNING * * *
You hit Terence but do no damage.
Terence is moderately wounded.
You block Terence's attack. Terence barely misses you.
You hit Terence but do no damage.
Terence is moderately wounded.
Terence hits you with a +0 hand axe.
* * * LOW HITPOINT WARNING * * *
You hit Terence.
Terence is moderately wounded.
You block Terence's attack. Terence hits you with a +0 hand axe.
* * * LOW HITPOINT WARNING * * *
It was a potion of brilliance.
You feel clever all of a sudden. Terence hits you with a +0 hand axe!
You die...

# #............... #
#...[).......... #
#......@........ #
#............... #
#####.......... ### ########
##.......... ..#
#......########@......####
#.# #..........@##..#.....#
#.## #..........@)..##.....#
#..########......#####......#
.#..#######......# #......#
.##......##......# #......#
.......#.>'......# #.[...#
.....#.##.#...†..#
####.#.##.#......#
##.#.#.##.#......#
##.#.#.<#.#......#


You could see Terence.

Vanquished Creatures
  Jessica (D:2)
  A dart slug (D:2)
  2 ball pythons
  2 endoplasms (D:1)
  A giant cockroach (D:1)
  2 hobgoblins (D:1)
  6 jackals
  3 quokkas
  2 bats
  2 frilled lizards (D:2)
  2 goblins (D:1)
  3 kobolds
  2 rats (D:2)
29 creatures vanquished.

Notes
Turn   | Place    | Note
-------+----------+-------------------------------------------
     0 | D:1      | avis the Hill Orc Monk began the quest for the Orb.
     0 | D:1      | Reached XP level 1. HP: 19/19 MP: 1/1
   373 | D:1      | Reached XP level 2. HP: 25/27 MP: 2/2
   692 | D:1      | Found Sialodump's Assorted Antiques.
  1505 | D:2      | Reached skill level 5 in Axes
  1505 | D:2      | Reached XP level 3. HP: 32/33 MP: 3/3
  1632 | D:2      | Found a faded altar of an unknown god.
  1801 | D:2      | Noticed Jessica
  1803 | D:2      | Noticed Terence
  1828 | D:2      | Killed Jessica
  1829 | D:2      | Reached XP level 4. HP: 17/41 MP: 4/4
  1834 | D:2      | Slain by Terence

Illustrated notes

Levels and vault maps discovered:
D:1:      evilmike_arrival_plus, layout_basic, serial_shops, shop,
          serial_park_tiny_1
D:2:      layout_basic, ebering_ecumenical_altar_hall, eino_curves_04,
          uniq_jessica, uniq_terence

Skill      XL: |  1  2 |
---------------+-------+-----
Fighting       | 4 |  4.4
Axes           | 5 |  5.6
Dodging        | |  2.4

Action                     |  1- 3 |  4- 6 || total
---------------------------+-------+-------++-------
  Melee: Hand axe          |   108 |     5 ||   113
    Use: Potion            |     1 |     1 ||     2
 Armour: Robe              |    12 |       ||    12
  Dodge: Dodged            |    62 |     1 ||    63
  Block: Tower shield      |    12 |     3 ||    15

Table legend: (Time is in decaauts)
 A = Elapsed time spent in this place.
 B = Non-inter-level travel time spent in this place.
 C = Inter-level travel time spent in this place.
 D = Time resting spent in this place.
 E = Time spent auto-exploring this place.
 F = Levels seen in this place.
 G = Mean time per level.
                   A        B        C        D        E       F      G
               +--------+--------+--------+--------+--------+-----+--------+
         Total |   1859 |   1659 |    200 |    230 |   1004 |   2 |  929.5 |
       Dungeon |   1859 |   1659 |    200 |    230 |   1004 |   2 |  929.5 |
               +--------+--------+--------+--------+--------+-----+--------+

Top non-repeatable levels by time:
     D:1: 1427 daAuts
     D:2: 431 daAuts
